Map: Lost and Found LE

Players

Hjax

  • Race: Protoss Protoss
  • Spawn Location: 1:00

Nice - Winner!

  • Race: Protoss Protoss
  • Spawn Location: 7:00

Event: WCS Austin 2018

VOD

Have the link to the VOD?

Description

Time

  • Played on: June 1, 2018, 3:30 p.m.
  • Length: 4:38

All games in this series

Show
View Real Time Build Order
Export as new Build Order

Hjax Protoss 

Build Orders: Oracle Opening 

Get SALT Encoding   

  1  0:00  Probe  
  12  0:05  Probe  
  14  0:15  Probe  
  15  0:21  Pylon  
  15  0:39  Probe, Forge  
  16  1:02  Pylon  
  16  1:04  Pylon  
  16  1:05  Pylon  
  16  1:21  Photon Cannon  
  16  1:25  Probe  
  16  1:31  Assimilator  
  17  1:34  Photon Cannon  
  17  1:37  Gateway  
  17  1:38  Probe  
  17  1:50  Probe  
  18  1:54  Pylon  
  18  2:02  Probe  
  19  2:14  Probe  
  19  2:15  Assimilator  
  20  2:26  Probe  
  20  2:29  Cybernetics Core  
  21  2:38  Probe  
  22  2:50  Probe  
  23  2:58  Pylon  
  23  3:02  Probe  
  23  3:04  Stalker  
  26  3:14  Probe  
  26  3:19  Stargate  
  27  3:26  Probe  
  28  3:29  Stalker  
  30  3:44  Pylon  
  31  3:49  Gateway  
  31  3:52  Oracle  
  30  3:59  Stalker  
Show
View Real Time Build Order
Export as new Build Order

Nice Protoss - Winner!

Build Orders: Oracle Opening, Phoenix Opening 

Get SALT Encoding   

  12  0:00  Probe  
  13  0:12  Probe  
  14  0:17  Pylon  
  14  0:24  Probe  
  15  0:32  Probe  
  15  0:38  Gateway  
  15  0:40  Probe  
  16  0:48  Assimilator  
  17  0:51  Probe  
  17  0:54  Assimilator  
  19  1:07  Forge  
  18  1:12  Pylon  
  18  1:14  Probe  
  18  1:16  Zealot  
  21  1:40  Photon Cannon  
  21  1:44  Photon Cannon  
  21  1:54  Cybernetics Core  
  21  1:57  Probe  
  22  2:09  Probe  
  22  2:14  Pylon  
  23  2:21  Probe  
  24  2:29  Pylon  
  24  2:33  Stargate  
  24  2:41  Probe, Warp Gate  
  25  2:59  Stalker  
  27  3:12  Oracle  
  27  3:15  Nexus  
  30  3:32  Pylon  
  30  3:35  Shield Battery  
  30  3:38  Probe  
  30  3:40  Phoenix  
  31  3:51  Probe  
  34  4:03  Probe  
  34  4:04  Phoenix  
  37  4:20  Gateway  
Tags
 
Add a new tag
Caveats
  • Supply blocks, unpowered buildings, or Contaminate may cause inaccurate times.
  • Supply counts are checked every 10 seconds.